 Dungeon Crawl Stone Soup version 0.16.2-12-gd0ad4c3 (webtiles) character file.

44 fredomojojo the Sneak (level 3, -8/24 HPs)
             Began as a Halfling Assassin on Oct 20, 2015.
             Was an Initiate of Elyvilon.
             Killed by nerve-wracking pain
             ... invoked by Jessica
              (13 damage)
             ... on level 2 of the Dungeon.
             The game lasted 00:32:32 (978 turns).

fredomojojo the Sneak (Halfling Assassin)            Turns: 978, Time: 00:32:32

Health: -8/24      AC:  5    Str: 11    XL:     3   Next: 85%
Magic:  3/3        EV: 14    Int: 10    God:    Elyvilon [......]
Gold:   110        SH:  0    Dex: 16    Spells: 0 memorised, 2 levels left

rFire  . . .     SeeInvis .     a - +2 dagger
rCold  . . .     Clarity  .     r - +0 leather armour
rNeg   . . .     SustAb   .     (no shield)
rPois  .         Gourm    .     (no helmet)
rElec  .         Spirit   .     d - +0 cloak
rCorr  .         Warding  .     i - +0 pair of gloves
rMut   .         Rnd*Tele +     (no boots)
MR     .....                    (no amulet)
Stlth  +++.......               (no ring)
                                o - ring of teleportation (curse)

@: not resistant to hostile enchantments, fairly stealthy
A: mutation resistance 1
a: Renounce Religion, Evoke Teleportation


You were on level 2 of the Dungeon.
You worshipped Elyvilon.
Elyvilon was noncommittal.
You were not hungry.

You visited 1 branch of the dungeon, and saw 2 of its levels.

You collected 110 gold pieces.

Inventory:

Hand weapons
 a - a +2 dagger (weapon)
 b - a +0 blowgun
 j - a +0 whip
 k - a +0 hunting sling
Missiles
 c - 14 stones
 e - 8 poisoned needles
 f - 2 curare-tipped needles
 m - 23 bolts (quivered)
Armour
 d - a +0 cloak (worn)
 h - a +0 robe
 i - a +0 pair of gloves (worn)
 r - a +0 leather armour (worn)
Jewellery
 o - a cursed ring of teleportation (left hand)
Potions
 q - a potion of resistance {unknown}
Books
 p - a book of Transfigurations

   Spells                             Type                      Level
   a - Stoneskin                      Transmutation/Earth          2
   b - Irradiate                      Conjuration/Transmutation    5
   c - Statue Form                    Transmutation/Earth          6
   d - Hydra Form                     Transmutation                6
   e - Dragon Form                    Transmutation                7
Comestibles
 g - a bread ration
 l - a meat ration


   Skills:
 + Level 2.1 Fighting
 + Level 2.6 Short Blades
 + Level 2.8 Throwing
 + Level 0.2 Armour
 + Level 1.8 Dodging
 + Level 5.3 Stealth


You had 2 spell levels left.
You didn't know any spells.

Dungeon Overview and Level Annotations

Branches:
Dungeon (2/15)

Altars:
Elyvilon

Annotations:
D:2 Jessica


Innate Abilities, Weirdness & Mutations

You are small and have problems with some larger weapons.
You are somewhat resistant to further mutation.


Message History

Jessica is moderately wounded.
The quokka bites you. Jessica closely misses you.
You closely miss Jessica.
Jessica is moderately wounded.
The quokka bites you but does no damage.
You hit Jessica.
Jessica is heavily wounded.
Jessica gestures wildly while chanting.
Jessica seems to speed up.
The quokka barely misses you.
You hit Jessica but do no damage.
Jessica is heavily wounded.
Jessica gestures at you while chanting. Pain shoots through your body!
Ouch! That really hurt!
The quokka bites you.
* * * LOW HITPOINT WARNING * * *
Jessica casts a spell at you. Pain shoots through your body!
Ouch! That really hurt!
You die...

.#### #...................#
########...##...............#
.......... ##...............#
#######..# #...............#
# #.#............## #
#...#####..##### # #.#
#..##.?.##..### ....##
#..#..r..#....## ......
###..'.@@..#.....#
######........#.....#.....#
#####..##!..##†....#
##..#####......#
###........#....#
###########.........###..##
..........)..#....### ###
.###########)###### ## #.#


You could see Jessica and a quokka.

Vanquished Creatures
  An ooze (D:1)
  A giant cockroach (D:1)
  7 hobgoblins
  10 jackals (D:2)
  A quokka (D:2)
  A ball python (D:2)
  5 bats
  2 giant newts
  4 goblins (D:1)
  2 kobolds
  7 rats
41 creatures vanquished.

Notes
Turn   | Place    | Note
--------------------------------------------------------------
     0 | D:1      | fredomojojo, the Halfling Assassin, began the quest for the Orb.
     0 | D:1      | Reached XP level 1. HP: 14/14 MP: 1/1
   187 | D:1      | Reached XP level 2. HP: 10/19 MP: 2/2
   238 | D:1      | Reached skill level 5 in Stealth
   524 | D:2      | Reached XP level 3. HP: 22/24 MP: 3/3
   558 | D:2      | Found a white marble altar of Elyvilon.
   581 | D:2      | Became a worshipper of Elyvilon the Healer
   967 | D:2      | Noticed Jessica
   978 | D:2      | Killed from afar by Jessica

Action                   || total
-------------------------++-------
Melee: Dagger            ||   125
 Fire: Blowgun           ||    13
  Use: Scroll            ||     4
       Potion            ||     1
 Stab: Sleeping          ||     8
